 Dungeon Crawl Stone Soup version 0.17-a0-737-gf0a300a (webtiles) character file.

238449 PolkaDot the Bewitcher (level 18, -14/136 HPs)
             Began as a Vampire Enchanter on Apr 24, 2015.
             Was the Champion of Ashenzari.
             Shot with an arrow by a deep elf master archer (16 damage)
             ... on level 3 of the Elven Halls on Apr 25, 2015.
             The game lasted 04:21:28 (58574 turns).

PolkaDot the Bewitcher (Vampire Enchanter)         Turns: 58574, Time: 04:21:28

Health: -14/136    AC: 15    Str: 10    XL:     18   Next: 56%
Magic:  13/41      EV: 17    Int: 31    God:    Ashenzari [******]
Gold:   4245       SH:  7    Dex: 25    Spells: 12 memorised, 1 level left

rFire  + . .     SeeInvis +     l - +11 dagger "Vyefif" {elec, *Rage +Rage rC+++ Str+3} (curse)
rCold  + + +     Clarity  +     b - +3 leather armour "Ducs" {Regen+ rCorr Int+4} (curse)
rNeg   + + .     SustAb   .     k - +0 buckler (curse)
rPois  +         Gourm    .     T - +1 helmet of Fun and Games {+Blink MR- Dex+7 Slay+2} (curse)
rElec  .         Spirit   .     n - +0 cloak (curse)
rCorr  +         Warding  .     M - +2 pair of gloves {Dex+3} (curse)
rMut   +         Stasis   .     y - +2 pair of boots (curse)
MR     .....                    N - amulet of resist mutation (curse)
Stlth  +++++++++.               z - ring of invisibility (curse)
                                u - ring of protection from fire (curse)

@: very slightly contaminated, regenerating slowly, invisible, not resistant to
hostile enchantments, incredibly stealthy
A: fangs 3, see invisible, clever 1, unbreathing
a: Bat Form, Scrying, Transfer Knowledge, Renounce Religion, Evoke Blink, Evoke
Berserk Rage
}: 2/15 runes: decaying, abyssal


You were on level 3 of the Elven Halls.
You worshipped Ashenzari.
Ashenzari was exalted by your worship.
You were very thirsty.

You visited 7 branches of the dungeon, and saw 37 of its levels.
You visited the Abyss 3 times.
You visited 1 bazaar.
You also visited: Labyrinth, Bailey, Ice Cave and Volcano.

You collected 5550 gold pieces.
You spent 1305 gold pieces at shops.

Inventory:

Hand weapons
 l - the cursed +11 dagger "Vyefif" (weapon) {elec, *Rage +Rage rC+++ Str+3}
   (You found it on level 10 of the Dungeon)

   Occasionally, upon striking a foe, it will discharge some electrical energy
   and cause terrible harm.
   It affects your strength (+3).
   It renders you almost immune to cold.
   It lets you go berserk.
   It may make you go berserk in combat.
   It has a curse placed upon it.
Missiles
 H - 2 throwing nets (quivered)
Armour
 b - the cursed +3 leather armour "Ducs" (worn) {Regen+ rCorr Int+4}
   (You found it on level 6 of the Dungeon)

   It affects your intelligence (+4).
   It increases your rate of regeneration.
   It protects you from acid and corrosion.
   It has a curse placed upon it.
 k - a cursed +0 buckler (worn)
 n - a cursed +0 cloak (worn)
 y - a cursed +2 pair of boots (worn)
 M - a cursed +2 pair of gloves of dexterity (worn)
 T - the cursed +1 helmet of Fun and Games (worn) {+Blink MR- Dex+7 Slay+2}
   (You found it on level 3 of the Swamp)

   It affects your dexterity (+7).
   It affects your accuracy and damage with ranged weapons and melee attacks
   (+2).
   It affects your resistance to hostile enchantments.
   It lets you blink.
   It has a curse placed upon it.
Jewellery
 u - a cursed ring of protection from fire (left hand)
 z - a cursed ring of invisibility (right hand)
 N - a cursed amulet of resist mutation (around neck)
Magical devices
 p - a wand of digging (1)
 r - a wand of teleportation (0)
 x - a wand of lightning (4)
 C - a wand of fire (6)
 I - a wand of cold (1)
 O - a wand of draining (11)
Scrolls
 e - 2 scrolls of amnesia
 f - 6 scrolls of recharging
 g - 9 scrolls of teleportation
 h - 3 scrolls of blinking
 i - 6 scrolls of immolation
 m - 4 scrolls of fog
 o - 5 scrolls of curse weapon
 q - 2 scrolls of vulnerability
 s - 5 scrolls of magic mapping
 w - 2 scrolls of summoning
 B - 2 scrolls of curse armour
 D - 3 scrolls of enchant weapon
 J - 3 scrolls of fear
 R - 4 scrolls of identify
 U - a scroll of silence
 W - 8 scrolls of remove curse
Potions
 a - a potion of magic
 j - a potion of haste
 t - 5 potions of restore abilities
 v - 3 potions of invisibility
 A - 3 potions of brilliance
 E - 2 potions of cure mutation {!q}
 F - a potion of might
 G - 7 potions of curing
 K - 13 potions of blood {@*1}
 L - a potion of flight
 S - 2 potions of resistance
 X - 2 potions of agility
Books
 c - a book of Burglary

   Spells                             Type                      Level
   a - Swiftness                      Charms/Air                   2
   b - Passwall                       Transmutation/Earth          3
   c - Passage of Golubria            Translocation                4
   d - Lee's Rapid Deconstruction     Earth                        5
   e - Invisibility                   Hexes                        6
   f - Darkness                       Hexes                        7
 P - Qaargh's Tome of Calling
   (You found it on level 2 of the Swamp)

   Spells                             Type                      Level
   a - Summon Small Mammal            Summoning                    1
   b - Shadow Creatures               Summoning                    5
   c - Dragon's Call                  Summoning                    9
 Q - a book of Enchantments

   Spells                             Type                      Level
   a - Cause Fear                     Hexes                        4
   b - Silence                        Hexes/Air                    5
   c - Deflect Missiles               Charms/Air                   6
   d - Haste                          Charms                       6
   e - Discord                        Hexes                        8
 Y - a Grand Grimoire {highlevel}

   This book is beyond your current level of understanding.

   Spells                             Type                      Level
   a - Aura of Abjuration             Summoning                    6
   b - Summon Greater Demon           Summoning                    7
   c - Malign Gateway                 Summoning/Translocation      7
   d - Summon Horrible Things         Summoning                    8
Miscellaneous
 d - a phantom mirror
 Z - a crystal ball of energy


   Skills:
 - Level 10.4 Fighting
 - Level 9.1(13.5) Short Blades
 - Level 2.1(5.5) Dodging
 + Level 17.9(21.6) Stealth
 - Level 4.7(7.6) Shields
 - Level 19.7 Spellcasting
 + Level 19.8(23.3) Hexes
 * Level 6.1(10.6) Charms
 - Level 1.1(3.7) Ice Magic
 - Level 7.8(12.2) Evocations


You had one spell level left.
You knew the following spells:

 Your Spells              Type           Power        Failure   Level  Hunger
a - Corona                Hex            #######      0%          1    None
c - Confuse               Hex            ########     0%          3    None
d - Ensorcelled Hibernat  Hex/Ice        ######       0%          2    None
p - Passwall              Trmt/Erth      ####......   4%          3    None
v - Summon Mana Viper     Hex/Summ       #######.     1%          5    None
D - Deflect Missiles      Chrm/Air       ######....   24%         6    None
F - Flight                Chrm/Air       ######....   1%          3    None
H - Haste                 Chrm           #######.     3%          6    None
I - Invisibility          Hex            ########     1%          6    None
Q - Silence               Hex/Air        #######...   1%          5    None
S - Darkness              Hex            ########..   1%          7    ###....
Z - Discord               Hex            ########..   1%          8    #####..


Dungeon Overview and Level Annotations

Branches:
Dungeon (15/15)            Temple (1/1) D:5            Lair (8/8) D:8
  Swamp (5/5) Lair:3        Snake (1/5) Lair:4        Slime (0/6) Lair:7
    Orc (4/4) D:12            Elf (3/3) Orc:4        Vaults (0/5) D:13
 Depths (0/5) D:15

Altars:
Ashenzari
Cheibriados
Dithmenos
Elyvilon
Fedhas
Gozag
Kikubaaqudgha
Makhleb
Nemelex Xobeh
Okawaru
Qazlal
Ru
Sif Muna
Trog
Vehumet
Xom
Yredelemnul
Zin
The Shining One
Jiyva

Shops:
D:11 =   Orc:4 }***

Annotations:
Elf:2 3 runed doors


Innate Abilities, Weirdness & Mutations

You heal slowly.
You have razor-sharp teeth.
You have supernaturally acute eyesight.
You can survive without breathing.
Your mind is acute. (Int +2)


Message History

* * * LOW HITPOINT WARNING * * *
You see here an arrow.
Your mana viper misses the deep elf master archer.
The deep elf master archer shoots an arrow.
The arrow hits you!!
* * * LOW HITPOINT WARNING * * *
Your mana viper bites the deep elf master archer!
You see here an arrow.
You hit the deep elf master archer.
The deep elf master archer is heavily wounded.
Your mana viper bites the deep elf master archer!
The deep elf master archer shoots an arrow.
The arrow hits you!!
* * * LOW HITPOINT WARNING * * *
You hit the deep elf master archer.
The deep elf master archer is severely wounded.
Your mana viper barely misses the deep elf master archer.
The deep elf master archer shoots an arrow.
The arrow hits you!
You die...

#..######## #..# *
#..# ##.###..#*#.**
#..# ##..)##..##...*
#..#
##....(#..#..P..
#..#
##...#(.......#...**
##).#
#...###(.....###..,*
..[.#
##...#....S...#...**
#./.#
##....(..Se.....#
#..##
##.....(@.....# #[.#
##..........## #..#
##........## #.##
*#..........# #'##
*#............#*
)..# *
.......(...... ...#
*,..#........#. ,**
...# *{,
*##......##* , ...#
∆ *, ,* ,.##. , ,,,
*


You could see a deep elf master archer and 2 friendly mana vipers.

Vanquished Creatures
  3 deep elf blademasters
  An Executioner (Abyss:4)
  Gastronok (D:8)
  A thorn hunter (Swamp:5)
  A tengu reaver (Abyss:3)
  7 deep elf sorcerers
  An angel (Abyss:3)
  3 very ugly things
  2 deep elf demonologists (Elf:3)
  A stone giant (Orc:3)
  A dire elephant (Abyss:1)
  A white draconian (Abyss:3)
  2 deep elf annihilators (Elf:3)
  3 deep elf death magi
  4 vault guards (D:13)
  A minotaur (Lab)
  An ettin (D:15)
  A deep elf high priest (Elf:3)
  5 ice dragons
  11 alligators
  7 hydras
  3 ghost crabs
  3 centaur warriors
  A dancing weapon (Elf:2)
  4 catoblepae
  2 tengu warriors (D:15)
  2 salamander stormcallers
  17 death yaks
  3 ogre magi
  An orc high priest (Elf:2)
  A hell knight (Abyss:2)
  Sonja (D:13)
  Nergalle (Orc:2)
  An iron troll (Orc:4)
  2 wretched stars (Abyss:3)
  A fire crab (Lair:4)
  17 deep elf knights
  2 spriggan druids (Swamp:4)
  A shadow demon (Abyss:1)
  3 unseen horrors (D:15)
  2 deep trolls
  2 swamp dragons
  2 ice statues (IceCv)
  11 deep elf summoners
  4 shambling mangroves
  Pikel (D:4)
  An orc knight (Orc:3)
  2 griffons
  8 ugly things
  A wolf spider zombie (D:12)
  11 deep elf conjurers
  23 hill giants
  5 manticores
  6 statues (Volcano)
  4 hornets
  A wolf spider (Abyss:4)
  An orc sorcerer (Orc:4)
  11 cyclopes
  An oklob plant (Lair:8)
  A worldbinder (Abyss:3)
  An octopode (shapeshifter) (D:15)
  A guardian serpent (Abyss:2)
  2 black mambas
  The ghost of SorcV the Covert, an experienced KoEn (D:5)
  An orange demon (Elf:3)
  A smoke demon (Abyss:4)
  5 gargoyles
  2 centaur skeletons
  A redback zombie (D:15)
  An elf (shapeshifter) (D:14)
  22 spiny frogs
  3 ancient zymes
  A demonic crawler (Abyss:3)
  3 fire drakes
  An efreet (Abyss:3)
  6 komodo dragons
  A silent spectre (Abyss:3)
  A polar bear (Lair:6)
  5 freezing wraiths
  9 trolls
  9 deep elf priests
  2 tengu conjurers
  8 two-headed ogres
  A raiju (Abyss:3)
  Grinder (D:3)
  13 giant leeches
  11 ravens
  A jumping spider (Abyss:4)
  23 blink frogs
  28 slime creatures
  A shadow (Swamp:4)
  A ynoxinul (Abyss:1)
  6 baby alligators
  7 small abominations
  9 bog bodies
  7 spriggans
  A flying skull (Abyss:3)
  7 large abominations
  Sigmund (D:3)
  A trapdoor spider (D:13)
  29 deep elf magi
  4 water elementals
  2 redbacks
  55 yaks
  25 deep elf fighters
  2 wyverns
  34 vampire mosquitoes
  6 swamp worm simulacra (Swamp:5)
  14 hippogriffs
  A hungry ghost (D:11)
  2 basilisks
  23 swamp worms
  4 chaos spawn
  16 hydra simulacra (Swamp:5)
  3 wargs (Orc:3)
  25 wolves
  3 neqoxecs
  18 insubstantial wisps
  A mottled dragon (D:13)
  A hell hound (Abyss:4)
  16 water moccasins
  14 porcupines
  3 sky beasts
  32 ogres
  21 ice beasts
  7 swamp drakes
  8 wasps
  18 orc warriors
  3 necrophages
  3 eyes of draining
  2 phantoms
  2 black bears
  3 boring beetles
  21 centaurs
  12 crocodiles
  21 giant frogs
  5 big kobolds
  A wyvern skeleton (D:13)
  9 killer bees
  4 scorpions
  8 wights
  4 electric eels
  2 lava snakes (Volcano)
  2 giant frog zombies
  A goliath beetle (shapeshifter) (Abyss:3)
  6 crimson imps
  3 centaur zombies
  21 orc wizards
  18 orc priests
  2 hounds
  A giant frog skeleton (D:8)
  7 iguanas
  2 quasits
  8 jellies
  Terence (D:3)
  Natasha (D:2)
  11 worker ants
  4 hell rats (Lair:8)
  24 sheep
  A hound zombie (D:9)
  3 hound skeletons
  A worker ant zombie (D:6)
  14 adders
  27 river rats
  13 gnolls
  2 shadow imps
  A white imp (Abyss:4)
  An ooze (D:4)
  2 swamp drake simulacra (Swamp:5)
  3 worms
  158 orcs
  15 bats
  2 bat skeletons
  2 giant cockroaches
  30 hobgoblins
  8 quokkas
  3 ball pythons
  11 giant geckos
  A giant gecko zombie (D:7)
  5 giant newts
  20 goblins
  13 jackals
  2 jackal zombies (D:5)
  47 kobolds
  A quokka skeleton (D:6)
  24 rats
  16 ballistomycetes
  5 briar patches (Swamp:5)
  2 fungi
  2 plants
1462 creatures vanquished.

Vanquished Creatures (collateral kills)
  Frances (Elf:1)
  Roxanne (Swamp:4)
  3 deep elf sorcerers (Elf:3)
  2 deep elf demonologists (Elf:3)
  5 deep elf annihilators (Elf:3)
  A deep elf high priest (Elf:3)
  A deep elf knight (Elf:3)
  A deep elf summoner (Elf:1)
  A sixfirhy (Elf:3)
  A redback (Elf:3)
  A hell rat (Elf:3)
  A fungus (Elf:3)
19 creatures vanquished.

Vanquished Creatures (others)
  An alligator (Swamp:5)
  13 mana vipers (Elf:3)
  A sixfirhy (Elf:3)
  A two-headed ogre (Orc:4)
  A deep elf mage (Elf:1)
  A centaur (D:13)
  2 hounds
  A worker ant (D:4)
  A giant gecko (D:4)
  2 orcs
  A bat (D:7)
  6 giant spores
  A lurking horror (Abyss:4)
  2 rats
  2 ballistomycetes
  A bush (Abyss:1)
  11 fungi
  3 plants
  4 starspawn tentacles (Abyss:4)
  116 starspawn tentacle segments (Abyss:4)
171 creatures vanquished.

Grand Total: 1652 creatures vanquished

Notes
Turn   | Place    | Note
--------------------------------------------------------------
     0 | D:1      | PolkaDot, the Vampire Enchanter, began the quest for the Orb.
     0 | D:1      | Reached XP level 1. HP: 13/13 MP: 3/3
   462 | D:1      | Reached XP level 2. HP: 16/19 MP: 5/5
   465 | D:1      | Reached skill level 5 in Hexes
   480 | D:1      | Learned a level 2 spell: Ensorcelled Hibernation
   713 | D:1      | Reached skill level 1 in Ice Magic
  1014 | D:1      | Reached XP level 3. HP: 24/24 MP: 6/6
  1320 | D:2      | Learned a level 3 spell: Confuse
  1708 | D:2      | Noticed Natasha
  1714 | D:2      | Killed Natasha
  1714 | D:2      | Reached skill level 5 in Stealth
  1714 | D:2      | Reached XP level 4. HP: 27/31 MP: 4/7
  2075 | D:2      | Reached skill level 6 in Hexes
  2407 | D:3      | Noticed Terence
  2412 | D:3      | Noticed Sigmund
  2413 | D:3      | Killed Terence
  2413 | D:3      | Reached skill level 1 in Fighting
  2413 | D:3      | Reached XP level 5. HP: 32/37 MP: 3/8
  2430 | D:3      | Killed Sigmund
  2430 | D:3      | Reached XP level 6. HP: 35/48 MP: 5/9
  2862 | D:3      | Noticed Grinder
  2873 | D:3      | Killed Grinder
  2873 | D:3      | Reached skill level 5 in Fighting
  2873 | D:3      | Reached XP level 7. HP: 49/56 MP: 6/10
  3502 | D:5      | Entered Level 5 of the Dungeon
  3617 | D:5      | Reached skill level 7 in Hexes
  4779 | D:5      | Found a staircase to the Ecumenical Temple.
  4790 | Temple   | Entered the Ecumenical Temple
  4821 | Temple   | Became a worshipper of Ashenzari the Shackled
  5356 | D:4      | Reached XP level 8. HP: 60/65 MP: 6/11
  5946 | D:4      | Reached skill level 8 in Hexes
  5961 | D:4      | Noticed Pikel
  6008 | D:4      | Killed Pikel
  6008 | D:4      | Reached skill level 9 in Hexes
  6474 | D:5      | Noticed SorcV's ghost (experienced KoEn)
  7057 | D:5      | Killed SorcV's ghost
  7158 | D:6      | Found a snail-covered altar of Cheibriados.
  7159 | D:6      | Reached XP level 9. HP: 72/72 MP: 12/12
  7742 | D:6      | Got the uncursed leather armour "Ducs" {Regen+ rCorr Int+4}
  7753 | D:6      | Identified the +3 leather armour "Ducs" {Regen+ rCorr Int+4} (You found it on level 6 of the Dungeon)
  7834 | D:6      | Reached skill level 10 in Hexes
  8333 | D:7      | Reached skill level 5 in Short Blades
  9326 | D:7      | Reached skill level 11 in Hexes
 10245 | D:7      | Reached skill level 12 in Hexes
 10869 | D:8      | Reached XP level 10. HP: 80/80 MP: 13/13
 11176 | D:8      | Noticed Gastronok
 11195 | D:8      | Killed Gastronok
 11195 | D:8      | Reached skill level 10 in Stealth
 11195 | D:8      | Reached skill level 13 in Hexes
 11526 | D:8      | Found a staircase to the Lair.
 12022 | D:8      | Reached skill level 14 in Hexes
 12168 | D:9      | Acquired Ashenzari's first power
 14131 | D:10     | Entered Level 10 of the Dungeon
 14148 | D:10     | Reached XP level 11. HP: 86/86 MP: 14/14
 14198 | D:10     | Noticed a hill giant
 14219 | D:10     | Killed a hill giant
 14262 | D:10     | Acquired Ashenzari's second power
 14368 | D:10     | Identified the +11 dagger "Vyefif" {elec, *Rage +Rage rC+++ Str+3}
 14793 | D:11     | Found a frozen archway.
 14798 | IceCv    | Entered an ice cave
 16277 | IceCv    | Noticed an ice statue
 17651 | IceCv    | Noticed an ice statue
 17669 | IceCv    | Reached skill level 15 in Hexes
 18507 | IceCv    | Killed an ice statue
 19330 | IceCv    | Killed an ice statue
 19941 | IceCv    | Noticed an ice dragon
 19941 | IceCv    | Noticed an ice dragon
 19944 | IceCv    | Killed an ice dragon
 19947 | IceCv    | Killed an ice dragon
 21326 | D:11     | Found Fex Urre's Jewellery Shoppe.
 21328 | D:11     | Reached skill level 16 in Hexes
 21333 | D:11     | Bought an uncursed ring of invisibility for 480 gold pieces
 21857 | D:11     | Found a shattered altar of Ashenzari.
 21881 | D:11     | Reached skill level 1 in Evocations
 22066 | D:12     | Identified a +0 rod of destruction (14/14)
 22075 | D:12     | Reached XP level 12. HP: 91/94 MP: 13/15
 22314 | D:12     | Found a staircase to the Orcish Mines.
 23094 | D:12     | Reached skill level 17 in Hexes
 23094 | D:12     | Reached skill level 5 in Evocations
 23170 | D:12     | Learned a level 5 spell: Summon Mana Viper
 23174 | D:12     | Learned a level 3 spell: Gell's Gravitas
 23199 | D:13     | Found a labyrinth entrance.
 23199 | D:13     | Found a flickering gateway to a bazaar.
 23208 | Bazaar   | Entered a bazaar
 23208 | Bazaar   | Found Zaazaij's Antique Weapon Boutique.
 23208 | Bazaar   | Found Lovan's General Store.
 23208 | Bazaar   | Found Taatzos's Book Shop.
 23213 | Bazaar   | Bought a book of Burglary for 825 gold pieces
 23259 | D:13     | Acquired Ashenzari's third power
 23260 | D:13     | Noticed Sonja
 23272 | D:13     | Found a flagged portal.
 23284 | Bailey   | Entered a bailey
 23480 | Lab      | Entered a labyrinth
 23663 | Lab      | Noticed a minotaur
 23668 | Lab      | Killed a minotaur
 23738 | D:13     | Noticed a centaur warrior
 23746 | D:13     | Killed a centaur warrior
 23907 | D:13     | Killed Sonja
 24045 | D:13     | Noticed a vault guard
 24046 | D:13     | Found a gate to the Vaults.
 24048 | D:13     | Noticed a vault guard
 24048 | D:13     | Noticed a vault guard
 24064 | D:13     | Noticed a vault guard
 24086 | D:13     | Killed a vault guard
 24086 | D:13     | Reached skill level 10 in Fighting
 24092 | D:13     | Killed a vault guard
 24097 | D:13     | Killed a vault guard
 24097 | D:13     | Reached XP level 13. HP: 74/104 MP: 14/17
 24106 | D:13     | Killed a vault guard
 24282 | D:13     | Learned a level 3 spell: Passwall
 25092 | D:14     | Reached skill level 15 in Stealth
 25545 | D:14     | Learned a level 3 spell: Flight
 25561 | D:15     | Entered Level 15 of the Dungeon
 25578 | D:15     | Reached skill level 5 in Spellcasting
 25641 | D:15     | Reached skill level 18 in Hexes
 25827 | D:15     | Found a staircase to the Depths.
 26548 | D:15     | Identified the cursed +3 mace "Xouklima" {venom, rF- Int+6} (You took it off an orc priest on level 15 of the Dungeon)
 26989 | D:15     | Learned a level 6 spell: Invisibility
 27079 | D:15     | Reached XP level 14. HP: 109/111 MP: 18/25
 27420 | Lair:1   | Entered Level 1 of the Lair of Beasts
 28236 | Lair:1   | Acquired Ashenzari's fourth power
 29798 | Lair:2   | Learned a level 7 spell: Darkness
 29953 | Lair:3   | Found a staircase to the Swamp.
 29964 | Lair:3   | Identified the +7 quarterstaff of Wiorarre {venom, rC+}
 31350 | Lair:3   | Reached skill level 19 in Hexes
 33122 | Lair:4   | Found a staircase to the Snake Pit.
 33189 | Lair:4   | Identified the +1 robe of Vitotyd {Str+2} (You took it off a centaur on level 7 of the Dungeon)
 33189 | Lair:4   | Identified the +7 ring mail of Hisivaen {-Cast rCorr Str-2 SInv} (You found it on level 14 of the Dungeon)
 33890 | Lair:5   | Reached skill level 1 in Shields
 34521 | Lair:6   | Reached skill level 10 in Spellcasting
 35171 | Lair:7   | Found a viscous altar of Jiyva.
 35171 | Lair:7   | Found a staircase to the Slime Pits.
 35732 | Lair:7   | Learned a level 4 spell: Passage of Golubria
 35790 | Lair:8   | Entered Level 8 of the Lair of Beasts
 35884 | Lair:8   | Reached XP level 15. HP: 117/117 MP: 29/29
 36360 | Lair:8   | Identified the +2 robe of Disaster {+Blink Str-4 SInv}
 36429 | Lair:8   | Learned a level 6 spell: Deflect Missiles
 37335 | Lair:8   | Found a blossoming altar of Fedhas.
 37995 | Swamp:1  | Entered Level 1 of the Swamp
 38193 | Swamp:1  | Identified Joehuesy's Volume of Flying Conjuration
 40748 | Swamp:2  | Identified Qaargh's Tome of Calling
 41516 | Swamp:3  | Reached XP level 16. HP: 123/123 MP: 30/33
 41668 | Swamp:3  | Identified the +1 helmet of Fun and Games {+Blink MR- Dex+7 Slay+2}
 42138 | Swamp:3  | Learned a level 5 spell: Silence
 42731 | Swamp:4  | Noticed Roxanne
 42923 | Swamp:4  | Killed Roxanne
 42925 | Swamp:4  | Identified Roxanne's Volume of Transformation and Earth (You took it off Roxanne on level 4 of the Swamp)
 45360 | Swamp:4  | Reached skill level 15 in Spellcasting
 45637 | Swamp:5  | Entered Level 5 of the Swamp
 47100 | Swamp:5  | Got a decaying rune of Zot
 47314 | Snake:1  | Entered Level 1 of the Snake Pit
 47602 | Orc:1    | Entered Level 1 of the Orcish Mines
 47668 | Orc:1    | Found a radiant altar of Vehumet.
 47998 | Orc:2    | Noticed Nergalle
 48001 | Orc:2    | Killed Nergalle
 48498 | Orc:3    | Identified the +12 longbow of Suicidal Tendencies {flame, rElec rC++ MP+9 Dex+4}
 48498 | Orc:3    | Identified the cursed +1 quarterstaff of Annihilation {crush, +Inv rPois Int-4}
 48531 | Orc:3    | Identified the +6 hand crossbow "Jellyslayer" {freeze, +Fly rC+ Dex+5}
 49915 | Orc:4    | Entered Level 4 of the Orcish Mines
 49926 | Orc:4    | Found a dark tunnel.
 49944 | Volcano  | Entered a volcano
 50015 | Volcano  | Reached XP level 17. HP: 121/129 MP: 37/37
 50045 | Volcano  | Found a white marble altar of Elyvilon.
 50085 | Volcano  | Gained mutation: Your mind is acute. (Int +2) [potion of beneficial mutation]
 50115 | Orc:4    | Found a staircase to the Elven Halls.
 50188 | Orc:4    | Found Kaules's Assorted Antiques.
 50191 | Orc:4    | Found Afizumes's Gadget Emporium.
 50196 | Orc:4    | Found Tyiwk's Assorted Antiques.
 51048 | Orc:4    | Found Odomeidu's Assorted Antiques.
 51195 | Elf:1    | Entered Level 1 of the Elven Halls
 52087 | Elf:1    | Noticed Frances
 52109 | Elf:1    | Killed Frances
 52126 | Elf:1    | Learned a level 8 spell: Discord
 53209 | Elf:2    | Found a runed gate.
 53210 | Elf:2    | Found a runed gate.
 53212 | Elf:2    | Found a runed gate.
 53528 | Elf:3    | Entered Level 3 of the Elven Halls
 53680 | Elf:3    | Learned a level 4 spell: Passage of Golubria
 54341 | Elf:3    | Cast into the Abyss (a deep elf sorcerer)
 54505 | Abyss:2  | Found a corrupted altar of Lugonu.
 54730 | Abyss:3  | Found a corrupted altar of Lugonu.
 54876 | Abyss:4  | Reached XP level 18. HP: 107/136 MP: 41/41
 54969 | Abyss:4  | Found a shattered altar of Ashenzari.
 54998 | Abyss:4  | Found a corrupted altar of Lugonu.
 55017 | Abyss:4  | Noticed a lich
 55223 | Abyss:4  | Noticed a profane servitor
 55291 | Abyss:4  | Found a corrupted altar of Lugonu.
 55354 | Abyss:4  | Found a corrupted altar of Lugonu.
 55483 | Abyss:4  | Noticed a lich
 55535 | Abyss:4  | Found a snail-covered altar of Cheibriados.
 55830 | Abyss:4  | Found a sparkling altar of Nemelex Xobeh.
 55855 | Elf:3    | Escaped the Abyss
 56205 | Elf:3    | Cast into the Abyss (a deep elf sorcerer)
 56247 | Abyss:1  | Learned a level 6 spell: Haste
 56251 | Abyss:1  | Identified the +5 mace "Concordance" {freeze, Dex+3}
 56322 | Abyss:1  | Noticed a lich
 56548 | Abyss:2  | Reached skill level 1 in Charms
 56675 | Abyss:3  | Found a sacrificial altar of Ru.
 56824 | Abyss:3  | Found a glowing golden altar of the Shining One.
 56833 | Abyss:3  | Noticed a bone dragon
 56935 | Abyss:3  | Noticed a profane servitor
 57079 | Elf:3    | Escaped the Abyss
 57586 | Elf:3    | Reached skill level 5 in Charms
 57612 | Elf:3    | Cast into the Abyss (a deep elf demonologist)
 57621 | Abyss:1  | Noticed a bone dragon
 58059 | Abyss:3  | Paralysed by you for 5 turns
 58068 | Abyss:3  | Paralysed by an apocalypse crab for 6 turns
 58297 | Abyss:3  | Got an abyssal rune of Zot
 58414 | Elf:3    | Escaped the Abyss
 58422 | Elf:3    | Identified the +4 halberd "Mud Pie of Death" {freeze, rF- Dex+5} (You took it off a deep elf demonologist on level 3 of the Elven Halls)
 58567 | Elf:3    | Identified the +4 lajatang of Reen {slice, MR++} (You took it off a deep elf sorcerer on level 3 of the Elven Halls)
 58573 | Elf:3    | HP: 2/136 [deep elf master archer/arrow (32)]
 58574 | Elf:3    | Shot with an arrow by a deep elf master archer

Action                   |  1- 3 |  4- 6 |  7- 9 | 10-12 | 13-15 | 16-18 || total
-------------------------+-------+-------+-------+-------+-------+-------++-------
Melee: Dagger            |   108 |    51 |   569 |   456 |   859 |  1309 ||  3352
       Short sword       |       |       |       |   281 |       |       ||   281
 Cast: Corona            |     3 |       |     2 |       |     2 |     4 ||    11
       Ensorcelled Hiber |    12 |    18 |    97 |    70 |   128 |    38 ||   363
       Confuse           |     1 |     2 |    15 |    37 |    23 |    61 ||   139
       Gell's Gravitas   |       |       |       |     5 |       |       ||     5
       Passwall          |       |       |       |       |     1 |    66 ||    67
       Passage of Golubr |       |       |       |       |     3 |       ||     3
       Invisibility      |       |       |       |       |    11 |    11 ||    22
       Flight            |       |       |       |       |    10 |    21 ||    31
       Silence           |       |       |       |       |       |     3 ||     3
       Summon Mana Viper |       |       |       |       |       |    63 ||    63
       Darkness          |       |       |       |       |       |    29 ||    29
Invok: Scrying           |       |       |       |       |       |    20 ||    20
 Abil: Evoke Invisibilit |       |       |       |     7 |    26 |    30 ||    63
       End Transformatio |       |       |       |     3 |       |       ||     3
       Bat Form          |       |       |       |     3 |       |       ||     3
       Turn Visible      |       |       |       |     2 |    20 |    21 ||    43
       Evoke Blink       |       |       |       |       |       |    13 ||    13
Evoke: Wand              |       |       |       |       |       |    11 ||    11
  Use: Potion            |       |     2 |     6 |    13 |     1 |    24 ||    46
       Scroll            |       |       |    12 |    22 |    20 |    18 ||    72
 Stab: Sleeping          |    17 |    20 |    71 |   106 |   218 |   150 ||   582
       Confused          |     1 |     5 |    11 |    19 |     5 |    20 ||    61
       Distracted        |       |       |     2 |     1 |    11 |    20 ||    34
       Invisible         |       |       |       |    14 |    92 |   140 ||   246
  Eat: Corpse            |       |       |     1 |     1 |     2 |     3 ||     7
